AoeStats
← willrhyd

Lombardia

508287936Analyzed
4v4 RM · 10d ago on Sep 21, 2026· 66m 52s· 8 players
Game mode
Random Map
Map size
Large (8 player)
Population
200
Speed
Normal
Resources
Standard
Victory
Conquest
Starting age
Dark Age
Ending age
Imperial Age
RankedLock teamsTeams togetherTeam positionsShared explorationLock speedFull tech treeHidden civsTurbo modeCheats
Victory
Defeat
🇮🇳 Shu · India
1562
+9
🇺🇸 Inca · United States
1560
+9
🇺🇸 Khmer · United States
1368
+17
🇺🇸 Georgians · United States
1219
+22
🇦🇷 Gurjaras · Argentina
1420
-16
🇬🇧 Byzantines · United Kingdom
1386
-14
🇦🇺 Berbers · Australia
1383
-14
🇬🇧 Portuguese · United Kingdom
1354
-13
BeardyNath
11:29 Feudal Age
10:20 Loom
15:43 Castle Age
14:32 Double-Bit Axe
14:29 Horse Collar
19:42 Bow Saw
22:25 Wheelbarrow
21:36 Town Watch
23:35 Gold Mining
24:12 Stone Mining
25:54 Caravan
30:15 Imperial Age
28:03 Hand Cart
29:15 Stone Shaft Mining
30:21 Kasbah
32:59 Fletching
33:31 Ballistics
34:11 Chemistry
33:25 Masonry
33:27 Fortified Wall
33:10 Capped Ram
38:23 Bodkin Arrow
38:36 Siege Engineers
39:08 Maghrebi Camels
40:33 Bloodlines
40:23 Husbandry
39:52 Elite Camel Archer
40:53 Maghrebi Camels
41:24 Bracer
41:26 Padded Archer Armor
41:34 Thumb Ring
40:50 Elite Genitour
43:02 Leather Archer Armor
44:14 Conscription
44:22 Conscription
52:03 Murder Holes
55:06 Cavalier
55:27 Light Cavalry
willrhyd
7:11 Loom
9:59 Feudal Age
11:41 Double-Bit Axe
12:33 Horse Collar
18:49 Castle Age
18:42 Fletching
19:10 Padded Archer Armor
20:02 Bow Saw
19:22 Crossbowman
23:03 Wheelbarrow
25:35 Imperial Age
22:56 Crossbowman
23:51 Bodkin Arrow
25:22 Ballistics
26:29 Bracer
27:47 Chemistry
27:34 Arbalester
30:07 Thumb Ring
39:16 Hand Cart
40:44 Scale Mail Armor
40:55 Forging
40:50 Pikeman
41:30 Squires
41:47 Chain Mail Armor
41:50 Leather Archer Armor
42:01 Conscription
42:07 Halberdier
43:51 Plate Mail Armor
43:56 Iron Casting
46:51 Man-at-Arms
48:13 Elite Skirmisher
Ministro ChocoArroz
4:14 Loom
10:43 Feudal Age
14:34 Castle Age
12:51 Horse Collar
14:20 Double-Bit Axe
20:03 Heavy Plow
22:59 Bow Saw
23:39 Town Watch
24:41 Wheelbarrow
24:19 Town Patrol
26:18 Hand Cart
30:01 Imperial Age
28:18 Forging
28:13 Scale Barding Armor
28:25 Bloodlines
28:15 Husbandry
29:40 Iron Casting
30:37 Chain Barding Armor
30:10 Gold Mining
30:10 Stone Mining
30:16 Heavy Camel Rider
31:52 Plate Barding Armor
31:42 Conscription
32:38 Kshatriyas
35:27 Frontier Guards
36:46 Scale Mail Armor
36:14 Elite Chakram Thrower
36:48 Light Cavalry
37:27 Hussar
38:37 Chain Mail Armor
41:10 Plate Mail Armor
41:09 Fletching
42:55 Hoardings
43:10 Elite Shrivamsha Rider
45:31 Bodkin Arrow
55:29 Caravan
56:29 Bracer
60:17 Chemistry
Luca
11:44 Feudal Age
16:39 Castle Age
14:34 Horse Collar
15:06 Double-Bit Axe
15:43 Gold Mining
16:10 Town Watch
22:45 Bow Saw
23:10 Loom
23:52 Heavy Plow
27:07 Wheelbarrow
26:37 Fletching
26:48 Padded Archer Armor
27:40 Bodkin Arrow
28:47 Crossbowman
29:35 Thumb Ring
32:28 Imperial Age
30:34 Caravan
31:23 Ballistics
31:28 Leather Archer Armor
32:17 Hand Cart
33:24 Bracer
34:02 Ring Archer Armor
34:42 Chemistry
33:23 Arbalester
36:05 Two-Man Saw
38:41 Conscription
38:30 Circumnavigation
43:20 Murder Holes
43:36 Masonry
44:44 Arquebus
44:04 Elite Organ Gun
twitch.tv/s0laf1d3
5:53 Loom
9:05 Loom
10:51 Feudal Age
12:41 Double-Bit Axe
12:58 Horse Collar
15:43 Castle Age
17:18 Wheelbarrow
16:55 Bow Saw
23:32 Hand Cart
23:20 Town Watch
23:50 Gold Mining
23:54 Stone Mining
25:33 Gold Shaft Mining
25:00 Heavy Plow
26:45 Stone Shaft Mining
27:20 Town Patrol
27:38 Caravan
29:25 Forging
29:16 Scale Mail Armor
28:37 Champi Runner
29:17 Squires
29:04 Arson
32:08 Imperial Age
29:34 Champi Warrior
30:50 Iron Casting
30:34 Fortified Wall
31:29 Chain Mail Armor
31:32 Masonry
31:43 Ballistics
31:03 Treadmill Crane
31:15 Fletching
31:25 Padded Archer Armor
33:08 Guilds
32:21 Capped Ram
34:04 Chemistry
34:09 Plate Mail Armor
34:39 Blast Furnace
33:13 Elite Champi Warrior
34:47 Conscription
34:41 Fabric Shields
35:12 Siege Engineers
34:28 Siege Ram
36:07 Bodkin Arrow
40:48 Crop Rotation
41:40 Coinage
41:57 Bracer
42:35 Hoardings
44:44 Banking
44:56 Murder Holes
53:01 Heavy Scorpion
53:42 Andean Sling
61:11 Guard Tower
61:06 Arrowslits
61:23 Onager
64:27 Keep
65:30 Pikeman
Anthonyx821
6:38 Loom
9:33 Feudal Age
10:44 Double-Bit Axe
12:36 Horse Collar
17:14 Castle Age
17:00 Bloodlines
17:32 Scale Barding Armor
18:27 Forging
22:03 Bow Saw
23:10 Wheelbarrow
24:22 Gold Mining
25:45 Husbandry
27:48 Hand Cart
31:33 Imperial Age
30:08 Gold Shaft Mining
29:24 Stone Mining
29:32 Town Watch
30:11 Chain Barding Armor
29:21 Light Cavalry
32:11 Caravan
31:56 Hussar
33:19 Heavy Plow
34:04 Iron Casting
36:11 Plate Barding Armor
37:10 Conscription
36:53 Tusk Swords
38:42 Double Crossbow
39:02 Heavy Scorpion
39:16 Elite Battle Elephant
43:57 Ballistics
44:37 Chemistry
44:40 Siege Engineers
45:36 Chemistry
47:58 Masonry
55:35 Blast Furnace
54:35 Fletching
56:37 Hoardings
58:33 Coinage
Lord Snow
7:45 Loom
10:58 Feudal Age
14:43 Castle Age
13:09 Double-Bit Axe
13:13 Horse Collar
16:13 Bow Saw
20:39 Wheelbarrow
22:25 Hand Cart
22:59 Gold Mining
25:52 Gold Shaft Mining
28:02 Imperial Age
25:54 Fletching
25:27 Crossbowman
26:30 Heavy Plow
26:49 Thumb Ring
26:41 Bodkin Arrow
26:48 Padded Archer Armor
27:36 Ballistics
28:36 Stone Mining
30:14 Two-Man Saw
29:33 Bracer
28:57 Arbalester
30:07 Caravan
31:29 Leather Archer Armor
35:18 Coinage
34:58 Bolt Magazine
36:49 Ring Archer Armor
37:37 Masonry
38:27 Chemistry
37:33 Siege Engineers
37:19 Heated Shot
37:44 Masonry
41:01 Guilds
41:22 Banking
52:13 Architecture
51:39 Murder Holes
51:30 Arrowslits
jdhtrain
11:13 Feudal Age
15:00 Castle Age
13:39 Double-Bit Axe
14:19 Horse Collar
16:19 Bow Saw
19:02 Loom
23:20 Gold Mining
24:21 Scale Barding Armor
26:30 Wheelbarrow
30:10 Imperial Age
27:50 Scale Barding Armor
27:56 Forging
29:29 Hand Cart
29:36 Chain Barding Armor
29:29 Bloodlines
29:20 Husbandry
30:07 Caravan
30:44 Iron Casting
30:22 Svan Towers
30:12 Fletching
32:38 Coinage
32:41 Conscription
32:28 Aznauri Cavalry
32:59 Hoardings
31:52 Light Cavalry
31:55 Cavalier
35:29 Plate Barding Armor
35:54 Blast Furnace
35:44 Hussar
36:41 Stone Mining
36:52 Bodkin Arrow
37:17 Elite Monaspa
38:33 Heavy Plow
40:20 Banking
42:11 Bracer
42:09 Guard Tower
43:21 Chemistry
42:42 Ballistics
42:34 Masonry
42:36 Fortified Wall
50:33 Keep
50:33 Architecture
51:09 Town Watch
Connection lost

Rejoining the realm…

Still unreachable

The connection could not be restored.

Session expired

The server has moved on; the page needs a fresh start.